 Dungeon Crawl Stone Soup version 0.25-a0-413-g3b4b6a4ccc (webtiles) character file.

Game seed: 11517861175551922547, levelgen mode: deterministic

19535 Borgoz the Fighter (level 12, -18/80 HPs)
             Began as a Gargoyle Berserker on Jan 16, 2020.
             Was an Elder of Trog.
             Demolished by a minotaur
             ... wielding a +0 whip of pain
              (47 damage)
             ... in a Gauntlet.
             The game lasted 00:20:19 (10666 turns).

Borgoz the Fighter (Gargoyle Berserker)            Turns: 10666, Time: 00:20:19

Health: -18/80     AC: 23    Str: 25    XL:     12   Next: 70%
Magic:  4/4        EV: 18    Int: 10    God:    Trog [****..]
Gold:   709        SH:  0    Dex: 19    Spells: 11/11 levels left

rFire    + . .     SeeInvis .   y - +8 great mace (antimagic)
rCold    . . .     Gourm    .   (shield currently unavailable)
rNeg     + + +     Faith    .   t - +1 ring mail of the Castellan {rN++}
rPois    ∞         Spirit   .   f - +0 helmet
rElec    +         Reflect  .   g - +0 cloak
rCorr    .         Harm     .   e - +0 pair of gloves
MR       +....     NoTele   +   A - +0 pair of boots
Stlth    +.........             (no amulet)
HPRegen  0.23/turn              B - +3 ring of dexterity
MPRegen  0.09/turn              p - ring "Fydoe" {rF+ MR+ Str+2 Int+2 Dex+4}

@: berserk cooldown, slowed, very slow
A: negative energy resistance 1, electricity resistance, unbreathing,
petrification resistance, rot immunity, AC +8
a: Berserk, Trog's Hand, Brothers in Arms, Renounce Religion


You were in a Gauntlet.
You worshipped Trog.
Trog was greatly pleased with you.
You were very hungry.

You visited 1 branch of the dungeon, and saw 12 of its levels.
You also visited: Gauntlet.

You collected 804 gold pieces.
You spent 95 gold pieces at shops.

Inventory:

Hand Weapons
 y - a +8 antimagic great mace (weapon)
Armour
 e - a +0 pair of gloves (worn)
 f - a +0 helmet (worn)
 g - a +0 cloak (worn)
 t - the +1 ring mail of the Castellan (worn) {rN++}
   (You took it off an orc on level 8 of the Dungeon)

   It greatly protects you from negative energy.
 A - a +0 pair of boots (worn)
Jewellery
 p - the ring "Fydoe" (right hand) {rF+ MR+ Str+2 Int+2 Dex+4}
   (You found it in a Gauntlet)

   [ring of intelligence]

   It affects your strength (+2).
   It affects your intelligence (+2).
   It affects your dexterity (+4).
   It protects you from fire.
   It affects your resistance to hostile enchantments.
 u - an uncursed ring of positive energy
 B - a +3 ring of dexterity (left hand)
 F - the ring of Decettao {rC+ rN+ MP+9 Dex-5}
   (You found it in a Gauntlet)

   [ring of magical power]

   It affects your dexterity (-5).
   It protects you from cold.
   It protects you from negative energy.
   It affects your magic capacity (+9).
 G - an uncursed ring of fire
Wands
 q - a wand of iceblast (4)
 x - a wand of polymorph (5)
 z - a wand of digging (5)
Scrolls
 b - 10 scrolls of remove curse
 d - a scroll of enchant weapon
 h - 2 scrolls of enchant armour
 j - 4 scrolls of teleportation
 k - a scroll of immolation {unknown}
 n - 2 scrolls of magic mapping
 s - a scroll of amnesia {unknown}
 v - 2 scrolls of fear {unknown}
 C - a scroll of noise {unknown}
 E - a scroll of blinking {unknown}
Potions
 i - 2 potions of cancellation {unknown}
 l - 6 potions of curing
 m - a potion of berserk rage
 o - a potion of magic {unknown}
 w - 2 potions of flight
 D - 2 potions of haste {unknown}
Comestibles
 c - 19 rations


   Skills:
 + Level 11.5 Fighting
 + Level 10.6 Maces & Flails
 + Level 11.2 Armour
 + Level 8.9 Dodging
 + Level 3.2 Evocations


You had 11 spell levels left.
You didn't know any spells.
Your spell library was empty.

Dungeon Overview and Level Annotations

Branches:
Dungeon (12/15)            Temple (0/1) D:5            Lair (0/6) D:10
    Orc (0/2) D:12        Gauntlet (1/1)

Altars:
Elyvilon
Okawaru
Ru
Sif Muna
Vehumet
Xom

Shops:
D:4 ?   D:8 (

Annotations:
Gauntlet 6 transporters


Innate Abilities, Weirdness & Mutations

You are resistant to torment.
Your stone body is resilient. (AC +8)
You are immune to poison.
You resist negative energy. (rN+)
You are resistant to electric shocks. (rElec)
You can survive without breathing.
You are immune to petrification.
You are immune to rotting.


Message History

You are feeling very hungry.
You hit the minotaur.
The minotaur is severely wounded.
The minotaur hits you with a +0 whip of pain!
* * * LOW HITPOINT WARNING * * *
The minotaur barely misses you.
The minotaur hits you but does no damage.
The minotaur closely misses you.
The minotaur rages.
You feel a strong urge to attack something.
You are no longer berserk.
You are exhausted.
You feel yourself slow down.
You see here a silver javelin.
Okay, then.
Okay, then.
You feel much better.
The minotaur hits you with a +0 whip of pain!!!
Ouch! That really hurt!
You die...

##.##### #...##≈.#.)#.
#.8.#≈≈.#.!#.
#...##≈.###'.
#############.8.###.#©.'.
#..........##...##..###'#
#.########.##.8.#...#....
#.#....H.#.##...#.∩.#....
#.#.####@#.##.©.#...#####
#.# #.#......#.8.....#
#.######.####.©.#...#####
#........# #...#.∩.#3.8#
########## #.8.#...#$..8
#...##..#[.8.
#.8.###.#©8.©
#...##≈.#..8.
#.8.#≈≈.#!..8


You could see a minotaur (berserk).

Vanquished Creatures
  A hydra (D:10)
  4 death yaks
  2 two-headed ogres (D:8)
  An unseen horror (D:11)
  Joseph (D:8)
  A gargoyle (D:11)
  Maggie (D:9)
  4 trolls
  The ghost of LostGamesStreakFreak the Poker, an amateur MfSk of Okawaru (D:5)
  4 hippogriffs
  5 flying skulls (Gauntlet)
  A spriggan (D:7)
  20 yaks
  A ynoxinul (Gauntlet)
  2 hungry ghosts
  Menkaure (D:7)
  2 swamp worms (Gauntlet)
  An acid dragon (D:11)
  A soldier ant (D:10)
  A water moccasin (D:10)
  An ice beast (D:9)
  Duvessa (D:7)
  4 orc warriors
  8 sky beasts
  4 ogres
  9 centaurs
  3 phantoms
  A crocodile (D:12)
  A big kobold (D:11)
  3 bullfrogs
  2 gnoll sergeants
  Dowan (D:7)
  2 water moccasin skeletons (D:11)
  3 scorpions
  3 killer bees (D:7)
  12 wights
  A bullfrog zombie (D:8)
  5 crimson imps
  2 centaur zombies
  4 hounds
  4 centaur skeletons
  2 orc priests
  A jelly (D:11)
  4 iron imps (Gauntlet)
  3 bullfrog skeletons
  5 iguanas
  9 orc wizards
  7 worker ants
  The ghost of Ge0ff the Ruffian, a weakling FoTm (D:4)
  A worker ant zombie (D:5)
  A howler monkey skeleton (D:6)
  21 adders
  13 gnolls
  A shadow imp (D:5)
  2 oozes (D:1)
  An adder zombie (D:8)
  An adder skeleton (D:9)
  4 worms
  6 dart slugs
  4 leopard geckos
  40 orcs
  A ball python (D:7)
  12 bats
  2 giant cockroaches (D:2)
  10 goblins
  6 hobgoblins
  23 jackals
  6 quokkas
  7 frilled lizards
  13 kobolds
  A leopard gecko skeleton (D:5)
  11 rats
348 creatures vanquished.

Vanquished Creatures (collateral kills)
  A death yak (D:10)
  7 flying skulls (Gauntlet)
8 creatures vanquished.

Vanquished Creatures (others)
  An orc (D:3)
1 creature vanquished.

Grand Total: 357 creatures vanquished

Notes
Turn   | Place    | Note
-------+----------+-------------------------------------------
     0 | D:1      | Borgoz the Gargoyle Berserker began the quest for the Orb.
     0 | D:1      | Reached XP level 1. HP: 14/14 MP: 1/1
   123 | D:1      | Reached XP level 2. HP: 17/19 MP: 2/2
   408 | D:1      | Reached XP level 3. HP: 23/23 MP: 3/3
   628 | D:1      | Reached ** piety under Trog
  1050 | D:2      | Reached XP level 4. HP: 29/29 MP: 4/4
  1640 | D:2      | Reached XP level 5. HP: 33/33 MP: 5/5
  1790 | D:3      | Reached *** piety under Trog
  2061 | D:3      | Reached XP level 6. HP: 37/39 MP: 6/6
  2222 | D:4      | Found Vesiwum's Magic Scroll Boutique.
  2242 | D:4      | Bought a scroll of identify for 20 gold pieces
  2242 | D:4      | Bought a scroll of identify for 20 gold pieces
  2242 | D:4      | Bought a scroll of identify for 20 gold pieces
  2242 | D:4      | Bought a scroll of magic mapping for 35 gold pieces
  2264 | D:4      | Reached **** piety under Trog
  2326 | D:4      | Found a runed translucent door.
  2337 | D:4      | Noticed Ge0ff's ghost (weakling FoTm)
  2347 | D:4      | Killed Ge0ff's ghost
  2347 | D:4      | Reached skill level 5 in Fighting
  2467 | D:4      | Reached XP level 7. HP: 39/44 MP: 7/7
  2578 | D:4      | Found an iron altar of Okawaru.
  2893 | D:5      | Entered Level 5 of the Dungeon
  2902 | D:5      | Found a white marble altar of Elyvilon.
  2923 | D:5      | Noticed LostGamesStreakFreak's ghost (amateur MfSk)
  2931 | D:5      | Found a transporter.
  2933 | D:5      | Found a transporter.
  3063 | D:5      | Reached skill level 5 in Maces & Flails
  3081 | D:5      | Reached skill level 5 in Armour
  3158 | D:5      | Reached XP level 8. HP: 30/51 MP: 8/8
  3598 | D:5      | Found a staircase to the Ecumenical Temple.
  3984 | D:6      | Found a shimmering blue altar of Sif Muna.
  4580 | D:7      | Reached XP level 9. HP: 52/56 MP: 9/9
  4670 | D:7      | Reached skill level 5 in Dodging
  4746 | D:7      | Noticed Duvessa
  4747 | D:7      | Noticed Dowan
  4749 | D:7      | Noticed Menkaure
  4757 | D:7      | Killed Duvessa
  4768 | D:7      | Killed Menkaure
  4771 | D:7      | Found a sacrificial altar of Ru.
  4771 | D:7      | Found a radiant altar of Vehumet.
  4787 | D:7      | Killed Dowan
  4933 | D:7      | Found a shimmering altar of Xom.
  5255 | D:8      | Reached ***** piety under Trog
  5255 | D:8      | Received a gift from Trog
  5372 | D:8      | Noticed a two-headed ogre
  5384 | D:8      | Killed a two-headed ogre
  5384 | D:8      | Reached XP level 10. HP: 37/65 MP: 3/10
  5561 | D:8      | Identified the +1 ring mail of the Castellan {rN++}
  5981 | D:8      | Noticed Joseph
  5983 | D:8      | Found Tuewky's Antique Weapon Shoppe.
  5997 | D:8      | Killed Joseph
  6114 | D:8      | Noticed a two-headed ogre
  6129 | D:8      | Killed a two-headed ogre
  6669 | D:9      | Noticed Maggie
  6681 | D:9      | Killed Maggie
  6925 | D:9      | Reached XP level 11. HP: 64/71 MP: 3/11
  7484 | D:10     | Entered Level 10 of the Dungeon
  7505 | D:10     | Received a gift from Trog
  7670 | D:10     | Noticed a death yak
  7671 | D:10     | Found a staircase to the Lair.
  7671 | D:10     | Noticed a death yak
  7671 | D:10     | Noticed a death yak
  7671 | D:10     | Noticed a death yak
  7672 | D:10     | Noticed a death yak
  7693 | D:10     | Killed a death yak
  7694 | D:10     | Killed a death yak
  7694 | D:10     | Reached skill level 10 in Fighting
  7698 | D:10     | Killed a death yak
  7703 | D:10     | Killed a death yak
  7707 | D:10     | Reached skill level 10 in Armour
  7750 | D:9      | Killed a death yak
  8043 | D:10     | Noticed a seven-headed hydra
  8051 | D:10     | Killed a seven-headed hydra
  8506 | D:10     | Reached skill level 10 in Maces & Flails
  8554 | D:10     | Reached XP level 12. HP: 62/79 MP: 4/12
  8876 | D:11     | Reached skill level 1 in Evocations
  9782 | D:5      | Killed LostGamesStreakFreak's ghost
  9953 | D:12     | Found a staircase to the Orcish Mines.
  9976 | D:12     | Received a gift from Trog
 10100 | D:12     | Found a gate leading to a gauntlet.
 10168 | Gauntlet | Entered a Gauntlet
 10168 | Gauntlet | Found a transporter.
 10168 | Gauntlet | Found a transporter.
 10186 | Gauntlet | Found a transporter.
 10201 | Gauntlet | Found a transporter.
 10202 | Gauntlet | Found a transporter.
 10210 | Gauntlet | Noticed a death scarab
 10213 | Gauntlet | Found a transporter.
 10214 | Gauntlet | Found a transporter.
 10220 | Gauntlet | Found a runed translucent gate.
 10222 | Gauntlet | Found a transporter.
 10223 | Gauntlet | Found a runed translucent gate.
 10224 | Gauntlet | Found a runed translucent gate.
 10235 | Gauntlet | Noticed a wretched star
 10238 | Gauntlet | Found a transporter.
 10252 | Gauntlet | Found a transporter.
 10256 | Gauntlet | Found a transporter.
 10264 | Gauntlet | Found a transporter.
 10387 | Gauntlet | Got a sparkling lapis lazuli ring
 10404 | Gauntlet | Identified the ring of Decettao {rC+ rN+ MP+9 Dex-5} (You
                  | found it in a Gauntlet)
 10473 | Gauntlet | Got a flickering lead ring
 10616 | Gauntlet | Identified the ring "Fydoe" {rF+ MR+ Str+2 Int+2 Dex+4}
                  | (You found it in a Gauntlet)
 10650 | Gauntlet | Noticed a minotaur
 10666 | Gauntlet | Demolished by a minotaur

Levels and vault maps discovered:
D:1:      giann_bridges, layout_basic
D:2:      layout_loops_ring, minmay_misc_feat_five, chequers_arboretum,
          minivault_19, minmay_bisected
D:3:      layout_basic
D:4:      layout_loops_ring, okawaru_gym_becter, serial_shops, shop,
          ebering_ghost_reflecting_pool
D:5:      layout_basic, elyvilon_altar_5, minmay_temple_entry_nine_rooms,
          first_ration, gammafunk_ghost_mausoleum
D:6:      layout_cave_pools, marbit_many_paths, dk_noncrumbling_2
D:7:      cheibrodos_quashed, layout_rooms, grunt_temple_overflow_open,
          the_bakery, minmay_misc_feat_ornament, small_statue_intersection,
          uniq_menkaure, uniq_duvessa
D:8:      layout_loops_corners, serial_shops, shop, grunt_ministairs_2,
          uniq_joseph
D:9:      layout_small_grid, uniq_maggie
D:10:     layout_gridville, dpeg_lair_monsters
D:11:     layout_cave_pools, serial_rivers, chequers_serial_rivers_micro_b,
          chequers_serial_rivers_small_b, chequers_serial_rivers_small_b,
          chequers_serial_rivers_marsh, chequers_serial_rivers_large_a,
          chequers_serial_rivers_micro_a
D:12:     layout_stronghold, orc_0_dummy, gauntlet_entry_generic
Gauntlet: minmay_gauntlet_77_indecision
          [minmay_gauntlet_arena_77_chump_sandwich,
          minmay_gauntlet_arena_77_mess, minmay_gauntlet_arena_77_box,
          minmay_gauntlet_arena_77_double_cross,
          minmay_gauntlet_arena_77_run_for_it,
          minmay_gauntlet_arena_77_terracotta_army, gauntlet_exit_spiral]

Skill      XL: |  1  2  3  4  5  6  7  8  9 10 11 12 |
---------------+-------------------------------------+-----
Dodging        | 2 3 4 6 7 8 |  8.9
Armour         | 3 4 5 6 8 9 10 11 | 11.2
Fighting       | 4 5 6 8 9 10 11 | 11.5
Maces & Flails | 4 5 6 7 8 10 | 10.6
Evocations     | 3 |  3.2

Action                   |  1- 3 |  4- 6 |  7- 9 | 10-12 || total
-------------------------+-------+-------+-------+-------++-------
Melee: Mace              |   126 |   180 |       |       ||   306
       Flail             |       |    53 |   345 |       ||   398
       Morningstar       |       |       |     8 |   340 ||   348
       Dire flail        |       |       |       |   310 ||   310
       Great mace        |       |       |       |   114 ||   114
Invok: Berserk           |       |     1 |     3 |     7 ||    11
       Trog's Hand       |       |     1 |     2 |     3 ||     6
       Brothers in Arms  |       |       |       |     3 ||     3
Evoke: Wand              |       |       |     3 |       ||     3
  Use: Scroll            |     1 |     7 |     3 |     4 ||    15
       Potion            |       |       |       |     2 ||     2
  Eat: Chunk             |     1 |     6 |    16 |    24 ||    47
       Ration            |       |       |     6 |     1 ||     7
Armor: Animal skin       |     8 |       |       |       ||     8
       Ring mail         |    61 |   125 |       |   438 ||   624
       Plate armour      |       |    31 |   375 |     3 ||   409
Dodge: Dodged            |    92 |   157 |   213 |   631 ||  1093

Table legend:
 A = Non-vault XP
 B = Vault XP
 C = Vault XP percentage of total XP
 D = Non-vault monster count
 E = Vault monster count
 F = Vault count percentage of total count
                 A         B        C        D         E       F
            +---------+---------+-------+---------+---------+-------
      Total |   19130 |    8778 |  31.5 |     312 |      44 |  12.4
            +---------+---------+-------+---------+---------+-------
        D:1 |      79 |       0 |   0.0 |      38 |       0 |   0.0
        D:2 |      85 |       6 |   6.6 |      23 |       3 |  11.5
        D:3 |     174 |       0 |   0.0 |      36 |       0 |   0.0
        D:4 |     384 |      21 |   5.2 |      21 |       1 |   4.5
        D:5 |     774 |     377 |  32.8 |      16 |       5 |  23.8
        D:6 |     344 |     112 |  24.6 |      13 |       1 |   7.1
        D:7 |     927 |     488 |  34.5 |      15 |       4 |  21.1
        D:8 |    3370 |     520 |  13.4 |      37 |       3 |   7.5
        D:9 |    2676 |    1281 |  32.4 |      35 |       2 |   5.4
       D:10 |    4099 |    3253 |  44.2 |      34 |       6 |  15.0
       D:11 |    3890 |       0 |   0.0 |      26 |       0 |   0.0
       D:12 |    2328 |       0 |   0.0 |      18 |       0 |   0.0
   Gauntlet |       0 |    2720 | 100.0 |       0 |      19 | 100.0
            +---------+---------+-------+---------+---------+-------
